 Dungeon Crawl Stone Soup version 0.30-a0-341-g682706514a (webtiles) character file.

Game seed: 9097632945642574038

269 Pooter the Chopper (level 6, -5/55 HPs)
             Began as a Minotaur Monk on Nov 1, 2022.
             Slain by Grinder (7 damage)
             ... in a sewer.
             The game lasted 00:10:15 (2013 turns).

Pooter the Chopper (Minotaur Monk)                  Turns: 2013, Time: 00:10:15

Health: -5/55      AC: 11    Str: 17    XL:     6   Next: 1%
Magic:  5/5        EV:  6    Int:  7    God:
Gold:   95         SH:  0    Dex: 13    Spells: 5/5 levels left

rFire   + . .      SeeInvis .    a - +0 war axe
rCold   . . .      Faith    .    (no shield)
rNeg    . . .      Spirit   .    e - +0 plate armour
rPois   .          Reflect  .    (helmet restricted)
rElec   .          Harm     .    (no cloak)
rCorr   .          Rampage  .    (no gloves)
Will    .....                    (no boots)
Stlth   ..........               f - amulet of the acrobat
HPRegen 0.29/turn                F - ring of protection from fire
MPRegen 0.09/turn                (no ring)

@: no status effects
A: horns 2, retaliatory headbutt
a: no special abilities


You were in a sewer.
You visited 1 branch of the dungeon, and saw 3 of its levels.
You also visited: Sewer.

You collected 95 gold pieces.

Inventory:

Hand Weapons
 a - a +0 war axe (weapon)
   (You took it off an orc on level 3 of the Dungeon)
Missiles
 d - a boomerang
 n - 3 poisoned darts
 Q - 18 stones (quivered)
Armour
 e - a +0 plate armour (worn)
   (You found it on level 1 of the Dungeon)
Jewellery
 f - an amulet of the acrobat (around neck)
   (You found it on level 1 of the Dungeon)
 F - a ring of protection from fire (left hand)
   (You found it on level 1 of the Dungeon)
Scrolls
 g - a scroll of butterflies
 h - 2 scrolls of torment {!r}
 j - a scroll of silence
 m - a scroll of magic mapping {unknown}
 t - 2 scrolls of teleportation {@r4}
Potions
 c - a potion of ambrosia
 i - a potion of heal wounds {unknown}
 k - 3 potions of curing {unknown}
 l - a potion of lignification {unknown}


   Skills:
 + Level 4.9 Fighting
 * Level 5.8 Axes
 + Level 2.7 Armour
 + Level 4.4 Dodging
 - Level 1.5 Stealth


You had 5 spell levels left.
You didn't know any spells.
Your spell library was empty.

Dungeon Overview and Level Annotations

Branches:
Dungeon (3/15)              Sewer (1/1)

Altars:

Annotations:
Sewer Grinder


Innate Abilities, Weirdness & Mutations

You have a pair of horns on your head.
You reflexively headbutt those who attack you in melee.


Message History

The kobold brigand hits you with a +0 dagger.
The kobold hits you but does no damage. Grinder hits you.
You hit Grinder. You barely miss the kobold brigand.
You barely miss the kobold.
The kobold brigand hits you but does no damage.
The kobold barely misses you. You furiously retaliate!
You headbutt the kobold.
You kill the kobold!
Grinder hits you.
You writhe in agony.
You slash Grinder! You headbutt Grinder. You slash the endoplasm!
You kill the endoplasm!
You hit the kobold brigand. The kobold brigand barely misses you.
Grinder hits you but does no damage.
You hit Grinder. Your headbutt misses Grinder. You hit the kobold brigand.
You barely miss the kobold.
The kobold brigand hits you but does no damage.
Grinder gestures at you.
You suddenly lose the ability to move!
The kobold hits you but does no damage. Grinder hits you.
* * * LOW HITPOINT WARNING * * *
The kobold brigand hits you but does no damage.
The kobold barely misses you. The kobold hits you but does no damage.
The kobold brigand hits you with a +0 dagger.
* * * LOW HITPOINT WARNING * * *
Grinder hits you!
* * * LOW HITPOINT WARNING * * *
You writhe in agony.
* * * LOW HITPOINT WARNING * * *
You can move again.
You hit Grinder but do no damage. You headbutt Grinder.
You closely miss the kobold brigand. You hit the kobold.
You kill the kobold!
The kobold brigand hits you with a +0 dagger.
* * * LOW HITPOINT WARNING * * *
Grinder hits you but does no damage.
Unknown command.
Unknown command.
You hit Grinder. You closely miss the kobold brigand.
You hit the kobold zombie.
The kobold zombie hits you but does no damage.
The kobold brigand barely misses you. Grinder hits you.
* * * LOW HITPOINT WARNING * * *
You writhe in agony.
* * * LOW HITPOINT WARNING * * *
You closely miss Grinder. You closely miss the kobold brigand.
You slash the kobold zombie!
You destroy the kobold zombie!
The kobold brigand hits you but does no damage.
Grinder hits you!
You die...

#####.....#####
≈≈≈#..⌠.⌠..#~≈~
...'.......'...
...'.⌠._.⌠.'...
.'.......'. ...n...
#5K)#
####@#############
≈~≈#...#≈≈≈≈≈≈#≈~≈#
~~~....).~.≈~..≈~~≈#
....#...#..)...#~
#######≈#######'#
......#≈≈≈#......#
~~~≈..#≈≈≈#..~~.~#
≈≈≈≈≈...≈....~≈≈≈#
≈≈≈≈≈~#...#~≈~≈≈≈#


You could see Grinder, a kobold brigand and a necrophage.

Vanquished Creatures
  A kobold brigand (Sewer)
  An orc priest (D:3)
  3 adders
  3 shadow imps (Sewer)
  5 ufetubi (Sewer)
  A worm (D:2)
  4 orcs (D:3)
  8 ball pythons
  9 bats
  10 endoplasms
  5 giant cockroaches
  6 goblins
  2 hobgoblins (D:2)
  2 quokkas (D:1)
  4 frilled lizards
  17 kobolds
  A kobold zombie (Sewer)
  6 rats
88 creatures vanquished.

Notes
Turn   | Place    | Note
-------+----------+-------------------------------------------
     0 | D:1      | Pooter the Minotaur Monk began the quest for the Orb.
     0 | D:1      | Reached XP level 1. HP: 19/19 MP: 0/0
   145 | D:1      | Reached skill level 4 in Axes
   145 | D:1      | Reached XP level 2. HP: 27/27 MP: 1/1
   771 | D:2      | Reached XP level 3. HP: 30/33 MP: 2/2
   782 | D:2      | Reached skill level 1 in Armour
  1392 | D:2      | Reached XP level 4. HP: 35/40 MP: 3/3
  1608 | D:3      | Reached skill level 5 in Axes
  1711 | D:3      | Found a glowing drain.
  1720 | Sewer    | Entered a sewer
  1749 | Sewer    | Reached XP level 5. HP: 33/47 MP: 4/4
  1991 | Sewer    | Found an ancient bone altar of Kikubaaqudgha.
  1994 | Sewer    | Noticed Grinder
  2005 | Sewer    | Reached XP level 6. HP: 46/55 MP: 5/5
  2009 | Sewer    | Paralysed by Grinder for 2 turns
  2012 | Sewer    | HP: 2/55 [Grinder (3)]
  2013 | Sewer    | Slain by Grinder

Illustrated notes

Levels and vault maps discovered:
D:1:      scummos_arrival_star, layout_loops_cross, minmay_misc_feat_nine_boxes
D:2:      wad_crossroads, layout_basic, st_stairs_4, minmay_cut_off
D:3:      layout_rooms, serial_shops, nicolae_shop_crystal, portal_sewer_entry_d
Sewer:    kennysheep_sewer_church

Skill      XL: |  1  2  3  4 |
---------------+-------------+-----
Axes           | 4 5 |  5.8
Fighting       | 4 |  4.9
Armour         | 1 2 |  2.7
Dodging        | 4 |  4.4
Stealth        | |  1.5

Action                   |  1- 3 |  4- 6 || total
-------------------------+-------+-------++-------
Melee: Hand axe          |    93 |    19 ||   112
       Headbutt          |    11 |    14 ||    25
       War axe           |       |    64 ||    64
Throw: Dart              |     2 |     6 ||     8
       Stone             |       |    17 ||    17
  Use: Scroll            |     5 |     1 ||     6
 Stab: Sleeping          |     1 |       ||     1
Armor: Robe              |     2 |       ||     2
       Plate armour      |    53 |    98 ||   151
Dodge: Dodged            |    47 |    72 ||   119

Table legend: (Time is in decaauts)
 A = Elapsed time spent in this place.
 B = Non-inter-level travel time spent in this place.
 C = Inter-level travel time spent in this place.
 D = Time resting spent in this place.
 E = Time spent auto-exploring this place.
 F = Levels seen in this place.
 G = Mean time per level.
                   A        B        C        D        E       F      G
               +--------+--------+--------+--------+--------+-----+--------+
         Total |   2043 |   2004 |     39 |    226 |   1232 |   4 |  510.8 |
       Dungeon |   1735 |   1696 |     39 |     65 |   1207 |   3 |  578.3 |
         Sewer |    308 |    308 |      0 |    161 |     25 |   1 |  308.0 |
               +--------+--------+--------+--------+--------+-----+--------+

Top non-repeatable levels by time:
     D:2: 904 daAuts
     D:1: 664 daAuts
   Sewer: 308 daAuts
     D:3: 166 daAuts
